 Dungeon Crawl Stone Soup version 0.29-a0-613-gf2c431b9b9 (webtiles) character file.

Game seed: 11870725310491036053

317 schauveau the Chopper (level 6, 0/79 HPs)
             Began as a Minotaur Berserker on June 16, 2022.
             Was a Believer of Trog.
             Slain by an ogre
             ... wielding a +0 giant club
              (25 damage)
             ... on level 3 of the Dungeon.
             The game lasted 00:03:44 (2067 turns).

schauveau the Chopper (Minotaur Berserker)          Turns: 2067, Time: 00:03:45

Health: 0/79       AC: 14    Str: 30    XL:     6   Next: 20%
Magic:  5/5        EV:  8    Int:  4    God:    Trog [**....]
Gold:   74         SH:  0    Dex: 10    Spells: 5/5 levels left

rFire   + . .      SeeInvis +   a - +0 hand axe
rCold   . . .      Faith    .   (no shield)
rNeg    . . .      Spirit   .   n - +1 plate armour of Waosaran {rElec rF+ Str+7 SInv}
rPois   .          Reflect  .   (helmet restricted)
rElec   +          Harm     .   (no cloak)
rCorr   .          Rampage  .   p - +0 pair of gloves
Will    .....                   k - +0 pair of boots
Stlth   ..........              (no amulet)
HPRegen 0.23/turn               (no ring)
MPRegen 0.09/turn               (no ring)

@: berserking, very quick
A: horns 2, retaliatory headbutt
a: Renounce Religion, Berserk, Trog's Hand


You were on level 3 of the Dungeon.
You worshipped Trog.
Trog was pleased with you.
You visited 1 branch of the dungeon, and saw 3 of its levels.

You collected 74 gold pieces.

Inventory:

Hand Weapons
 a - a +0 hand axe (weapon)
Missiles
 l - 6 poisoned darts (quivered)
Armour
 f - a +3 ring mail
 k - a +0 pair of boots (worn)
 n - the +1 plate armour of Waosaran (worn) {rElec rF+ Str+7 SInv}
   (You found it on level 2 of the Dungeon)

   Str:       It affects your strength (+7).
   rF:        It protects you from fire.
   rElec:     It insulates you from electricity.
   SInv:      It lets you see invisible.
 p - a +0 pair of gloves (worn)
Jewellery
 h - a ring of ice
 m - a ring of magical power
Scrolls
 e - a scroll of blinking {unknown}
 g - a scroll of fog {unknown}
 i - a scroll of noise {unknown}
 j - 3 scrolls of immolation {unknown}
Potions
 b - a potion of magic {unknown}
 c - 2 potions of lignification {unknown}
 d - a potion of curing {unknown}
 o - 2 potions of haste {unknown}


   Skills:
 + Level 4.5 Fighting
 * Level 7.3 Axes
 + Level 3.5 Armour
 - Level 2.1 Dodging
 + Level 0.9 Stealth


You had 5 spell levels left.
You didn't know any spells.
Your spell library was empty.

Dungeon Overview and Level Annotations

Branches:
Dungeon (3/15)

Altars:

Shops:
D:2 =


Innate Abilities, Weirdness & Mutations

You have a pair of horns on your head.
You reflexively headbutt those who attack you in melee.


Message History

A bat and a goblin come into view.
The goblin moves out of view.
Things that are here:
a +0 club; a ring of protection from cold The bat hits you but does no damage.
The kobold hits you with a +0 dagger.
You slash the kobold!
You kill the kobold!
Trog accepts your kill.
You hit the ogre.
The ogre is lightly wounded.
You hit the bat but do no damage. The bat hits you but does no damage. x2
The ogre hits you with a +0 giant club!!
You hit the ogre. You headbutt the ogre.
The ogre is moderately wounded.
You miss the goblin. The bat hits you but does no damage.
The goblin hits you but does no damage. The ogre hits you with a +0 giant club!
You are too injured to fight recklessly!
You are too injured to fight recklessly!
You barely miss the ogre. Your headbutt misses the ogre.
The ogre is moderately wounded.
You hit the goblin. The bat hits you but does no damage.
The goblin hits you but does no damage.
Unknown command.
You barely miss the ogre.
The ogre is moderately wounded.
You barely miss the goblin. You hit the bat.
You kill the bat!
Trog accepts your kill. The ogre hits you with a +0 giant club.
A ball python comes into view.
The goblin hits you with a +0 dagger.
A red film seems to cover your vision as you go berserk!
You feel yourself moving faster!
You feel mighty!
The ball python hisses angrily.
The goblin hits you but does no damage.
You slash the ogre!
The ogre is almost dead.
You miss the goblin.
The ogre hits you with a +0 giant club!!
You die...

######.#.#.......
#......#.###.####
#.######.# #.#
#.# #.# #.# #)#
#.# #.# ###†# #.#
#.#### ♣..)♣ #.#
...... ♣♣)♣♣
..#### ♣O@.♣ ...
.. ♣..)♣g..♣ #.
♣♣.♣ ♣.♣♣ #. ♣..
..♣ #. ...♣ ♣...
#. ♣♣.♣ ♣.♣♣ #.
S. .. #. .. ..
###. #...


You could see an ogre, a goblin and a ball python.

Vanquished Creatures
  Sigmund (D:2)
  Jessica (D:2)
  3 gnolls (D:3)
  7 adders
  A dart slug (D:3)
  An orc (D:3)
  3 endoplasms
  A giant cockroach (D:1)
  4 goblins
  2 hobgoblins (D:1)
  2 quokkas
  4 ball pythons
  7 bats
  A frilled lizard (D:1)
  5 kobolds
  6 rats
49 creatures vanquished.

Notes
Turn   | Place    | Note
-------+----------+-------------------------------------------
     0 | D:1      | schauveau the Minotaur Berserker began the quest for the
                  | Orb.
     0 | D:1      | Reached XP level 1. HP: 19/19 MP: 0/0
   154 | D:1      | Reached skill level 4 in Axes
   276 | D:1      | Reached XP level 2. HP: 12/27 MP: 1/1
   871 | D:2      | Reached ** piety under Trog
   872 | D:2      | Reached XP level 3. HP: 31/33 MP: 2/2
   887 | D:2      | Noticed Sigmund
   897 | D:2      | Killed Sigmund
   898 | D:2      | Reached skill level 6 in Axes
   898 | D:2      | Reached XP level 4. HP: 21/41 MP: 3/3
   898 | D:2      | Reached XP level 5. HP: 24/47 MP: 4/4
  1181 | D:2      | Identified the +1 plate armour of Waosaran {rElec rF+ Str+7
                  | SInv}
  1314 | D:2      | Noticed Jessica
  1320 | D:2      | Killed Jessica
  1746 | D:2      | Found Eskaly's Jewellery Emporium.
  1894 | D:3      | Found a faded altar of an unknown god.
  1900 | D:3      | Reached skill level 7 in Axes
  1900 | D:3      | Reached XP level 6. HP: 51/53 MP: 5/5
  2067 | D:3      | Slain by an ogre

Illustrated notes

Levels and vault maps discovered:
D:1:      dreamdust_arrival_beginning_and_end, layout_rooms, serial_glass,
          glass_columns_b, glass_columns_b, glass_columns_a, glass_columns_b,
          glass_columns_a, glass_columns_a, minmay_strange_pillars,
          hangedman_abyss_or_decor_lesser_grid
D:2:      layout_basic, serial_shops, nicolae_square_shop, uniq_jessica,
          uniq_sigmund
D:3:      layout_loops_ring, ebering_ecumenical_altar_ruins, kennysheep_doodads

Skill      XL: |  1  2  3  4  5 |
---------------+----------------+-----
Axes           | 4 6 7 |  7.3
Fighting       | 4 |  4.5
Armour         | 3 |  3.5
Dodging        | |  2.1
Stealth        | |  0.9

Action                   |  1- 3 |  4- 6 || total
-------------------------+-------+-------++-------
Melee: Hand axe          |    49 |    49 ||    98
       Headbutt          |     7 |     9 ||    16
       Punch             |       |     1 ||     1
Invok: Berserk           |       |     1 ||     1
Armor: Ring mail         |    10 |     1 ||    11
       Animal skin       |     2 |       ||     2
       Plate armour      |       |    34 ||    34
Dodge: Dodged            |    31 |    16 ||    47

Table legend: (Time is in decaauts)
 A = Elapsed time spent in this place.
 B = Non-inter-level travel time spent in this place.
 C = Inter-level travel time spent in this place.
 D = Time resting spent in this place.
 E = Time spent auto-exploring this place.
 F = Levels seen in this place.
 G = Mean time per level.
                   A        B        C        D        E       F      G
               +--------+--------+--------+--------+--------+-----+--------+
         Total |   2070 |   2009 |     61 |    276 |   1244 |   3 |  690.0 |
       Dungeon |   2070 |   2009 |     61 |    276 |   1244 |   3 |  690.0 |
               +--------+--------+--------+--------+--------+-----+--------+

Top non-repeatable levels by time:
     D:2: 1124 daAuts
     D:1: 772 daAuts
     D:3: 173 daAuts
